Map: Ulrena

Players

Sharklet

  • Race: Zerg Zerg
  • League: Gold
  • Spawn Location: 7:00

zidar - Winner!

  • Race: Zerg Zerg
  • League: Silver
  • Spawn Location: 11:00

VOD

Have the link to the VOD?

Description

Time

  • Played on: Feb. 18, 2016, 10:51 a.m.
  • Length: 2:53
Show
View Real Time Build Order
Export as new Build Order

Sharklet Zerg 

Build Orders: Hatch First 

Get SALT Encoding   

  12  0:01  Drone  
  13  0:08  Drone  
  14  0:37  Hatchery  
  14  0:42  Drone  
  14  0:56  Spawning Pool  
  13  0:58  Drone  
  13  1:02  Extractor  
  13  1:05  Drone  
  14  1:14  Overlord  
  14  1:41  Drone x3  
  14  1:42  Queen  
  19  1:55  Spine Crawler  
  19  1:59  Zergling x2  
  19  2:00  Zergling x2  
  15  2:30  Zergling x2  
  15  2:31  Zergling x2  
Show
View Real Time Build Order
Export as new Build Order

zidar Zerg - Winner!

Build Orders: Pool Only 

Get SALT Encoding   

  12  0:01  Drone  
  13  0:12  Overlord  
  13  0:17  Drone  
  14  0:34  Spawning Pool  
  13  0:38  Drone  
  13  0:42  Drone  
  15  0:48  Extractor  
  14  0:50  Drone  
  15  1:03  Overlord  
  15  1:21  Zergling x4  
  15  1:24  Zergling x2  
  18  1:31  Spine Crawler  
  17  1:37  Zergling x2  
  18  1:45  Zergling x2  
  19  1:49  Queen  
  21  2:01  Zergling x2  
Tags
 
Matchup
ZvZ
Race
Zerg
Spawn Locations
Close Positions
Add a new tag
Caveats
  • Supply blocks, unpowered buildings, or Contaminate may cause inaccurate times.
  • Supply counts are checked every 10 seconds.